 Dungeon Crawl Stone Soup version 0.21.1-1-g345015f (webtiles) character file.

158 letownia2 the Chiller (level 5, -1/25 HPs)
             Began as a Vine Stalker Ice Elementalist on Feb 24, 2018.
             Killed by nerve-wracking pain
             ... invoked by an orc priest
              (11 damage)
             ... on level 3 of the Dungeon.
             The game lasted 00:04:48 (694 turns).

letownia2 the Chiller (VSIE)                         Turns: 694, Time: 00:04:48

Health: -1/25      AC:  3    Str: 10    XL:     5   Next: 40%
Magic:  0/9        EV: 12    Int: 16    God:
Gold:   27         SH:  0    Dex: 15    Spells: 2/8 levels left

rFire    . . .     SeeInvis .   f - +0 dagger
rCold    . . .     Gourm    .   (no shield)
rNeg     . . .     Faith    .   a - +0 robe
rPois    .         Spirit   +   (no helmet)
rElec    .         Reflect  .   (no cloak)
rCorr    .         Harm     .   (no gloves)
MR       .....                  k - +0 pair of boots
Stlth    ++........             l - amulet of magic regeneration
HPRegen  0.48/turn              (no ring)
MPRegen  0.36/turn              (no ring)

@: slowed, very slow
A: fangs 2, regeneration 1, magic shield, antimagic bite, no potion heal 3, rot
immunity
a: no special abilities


You were on level 3 of the Dungeon.
You were not hungry.

You visited 1 branch of the dungeon, and saw 4 of its levels.

You collected 27 gold pieces.

Inventory:

Hand Weapons
 f - a +0 dagger (weapon)
Armour
 a - a +0 robe (worn)
 k - a +0 pair of boots (worn)
Jewellery
 l - an amulet of magic regeneration (around neck)
Scrolls
 d - a scroll of identify {unknown}
 g - 2 scrolls of remove curse {unknown}
 h - a scroll of noise {unknown}
 j - a scroll of teleportation {unknown}
 p - a scroll of fear {unknown}
 q - a scroll of immolation {unknown}
Potions
 e - a potion of ambrosia {unknown}
 i - 2 potions of agility {unknown}
 m - a potion of cancellation {unknown}
 n - a potion of curing {unknown}
 o - a potion of magic {unknown}
Books
 b - a book of Frost

   Spells                             Type                      Level
   a - Freeze                         Ice                          1
   b - Throw Frost                    Conjuration/Ice              2
   c - Ozocubu's Armour               Charms/Ice                   3
   d - Throw Icicle                   Conjuration/Ice              4
   e - Summon Ice Beast               Ice/Summoning                4
Comestibles
 c - 3 rations


   Skills:
 + Level 1.3 Fighting
 - Level 1.5 Dodging
 - Level 2.4 Stealth
 - Level 2.1 Spellcasting
 - Level 1.0 Conjurations
 + Level 1.4 Charms
 - Level 5.3 Ice Magic


You had 2 spell levels left.
You knew the following spells:

 Your Spells              Type           Power        Failure   Level  Hunger
a - Freeze                Ice            ###.         2%          1    #......
f - Throw Frost           Conj/Ice       ##....       9%          2    ###....
o - Ozocubu's Armour      Chrm/Ice       ##......     16%         3    ###....


Dungeon Overview and Level Annotations

Branches:
Dungeon (4/15)
 Temple: D:4-7

Altars:
Fedhas
Qazlal

Annotations:
D:2 Terence
D:4 1 transporter


Innate Abilities, Weirdness & Mutations

You have extremely sharp teeth.
Your natural rate of healing is unusually fast.
When hurt, damage is shared between your health and your magic reserves.
Your bite disrupts and absorbs the magic of your enemies.
Potions cannot restore your health.
You are immune to rotting.


Message History

Aiming: Freeze
Press: ? - help, Shift-Dir - straight line, f/p - orc priest
Aim: an orc priest, wearing a ring mail (heavily wounded)
You freeze the orc priest.
The orc priest is severely wounded.
The orc wizard hits you with a dagger. The orc priest closely misses you.
The orc wizard casts a spell.
The orc wizard blinks!
The orc hits you with a flail.
Unknown command.
Casting: Freeze
Confirm with . or Enter, or press ? or * to list all spells.
Aiming: Freeze
Press: ? - help, Shift-Dir - straight line, f/p - orc priest
Aim: an orc priest, wearing a ring mail (severely wounded)
You freeze the orc priest.
The orc priest is almost dead.
The orc wizard hits you but does no damage.
The orc priest calls down the wrath of Beogh upon you.
Pain shoots through your body!
You die...

.#......## #######.#.#.# .
.......... .......# #.....# ..
##..#...# ###......# ###..##...
%.......+ .....(..# #........
##......## #.......# #...##..#
#.......# #.......# #.......#
#...#...# #.......#####...###.#
#...#...# #..ooo.w#<...........
.#.......# #..#@# #...w......###
.........####..#K###..........#
................[.............#
......##......................#
......##............#######'###
.#....##.....................#
.#....##.....................#
.#)...##.....................#
.#....##............#######'####


You could see a worm, an orc priest, an orc wizard, an orc and a kobold.

Vanquished Creatures
  A scorpion (D:3)
  Jessica (D:2)
  2 gnolls
  2 adders
  2 oozes
  A worm (D:4)
  2 dart slugs
  A leopard gecko (D:1)
  3 bats
  2 giant cockroaches
  3 goblins
  5 hobgoblins
  A quokka (D:3)
  A ball python (D:3)
  4 frilled lizards
  5 kobolds
  2 rats
38 creatures vanquished.

Notes
Turn   | Place    | Note
-------+----------+-------------------------------------------
     0 | D:1      | letownia2 the Vine Stalker Ice Elementalist began the quest for the Orb.
     0 | D:1      | Reached XP level 1. HP: 9/9 MP: 4/4
    61 | D:1      | Reached XP level 2. HP: 13/13 MP: 3/6
   204 | D:1      | Reached skill level 4 in Ice Magic
   228 | D:2      | Reached XP level 3. HP: 13/16 MP: 1/7
   233 | D:2      | Learned a level 3 spell: Ozocubu's Armour
   345 | D:2      | Found a stormy altar of Qazlal.
   347 | D:2      | Noticed Jessica
   349 | D:2      | Noticed Terence
   354 | D:2      | Killed Jessica
   354 | D:2      | Gained mutation: Your natural rate of healing is unusually fast. [Vine Stalker growth]
   354 | D:2      | Reached XP level 4. HP: 11/21 MP: 3/8
   383 | D:2      | Reached skill level 5 in Ice Magic
   458 | D:3      | Learned a level 2 spell: Throw Frost
   557 | D:3      | Found a blossoming altar of Fedhas.
   596 | D:4      | Found a transporter.
   643 | D:3      | Reached skill level 1 in Fighting
   643 | D:3      | Reached skill level 1 in Charms
   643 | D:3      | Reached XP level 5. HP: 18/25 MP: 4/9
   694 | D:3      | Killed from afar by an orc priest

Skill      XL: |  1  2  3  4 |
---------------+-------------+-----
Ice Magic      | 4 5 |  5.3
Fighting       | 1 |  1.3
Charms         | 1 |  1.4
Dodging        | |  1.5
Stealth        | |  2.4
Spellcasting   | |  2.1
Conjurations   | |  1.0

Action                   |  1- 3 |  4- 6 || total
-------------------------+-------+-------++-------
Melee: Unarmed           |     7 |       ||     7
       Bite              |     2 |     1 ||     3
       Dagger            |     4 |     4 ||     8
 Cast: Freeze            |    33 |    39 ||    72
 Stab: Sleeping          |     2 |     2 ||     4
Armor: Robe              |     4 |    10 ||    14
Dodge: Dodged            |    21 |    32 ||    53
